 Dungeon Crawl Stone Soup version 0.31-a0-180-g519b7de00c (webtiles) character file.

Game seed: 7961988697456471091

7200 funkygono the Cleaver (level 10, 0/92 (93) HPs)
             Began as a Minotaur Fighter on June 19, 2023.
             Was a Follower of Okawaru.
             Slain by a 12-headed hydra (10 damage)
             ... on level 9 of the Dungeon.
             The game lasted 00:18:02 (7578 turns).

funkygono the Cleaver (Minotaur Fighter)            Turns: 7578, Time: 00:18:03

HP:   0/92 (93)     AC: 21    Str: 25    XL:     10   Next: 87%
MP:   8/9           EV: 16    Int:  5    God:    Okawaru [*.....]
Gold: 651           SH: 12    Dex: 10    Spells: 9/9 levels left

rFire   . . .        a - +3 war axe
rCold   + . .        i - +0 kite shield
rNeg    . . .        s - +0 plate armour {rC+}
rPois   +            (helmet restricted)
rElec   .            D - +0 cloak
rCorr   .            t - +1 pair of gloves
SInv    .            (no boots)
Will    .....        (no amulet) Stlth
                     f - +5 ring of evasion
HPRegen 0.35/turn    w - ring of poison resistance
MPRegen 0.11/turn

%: no passive effects
@: heroic, lightly drained
A: horns 2, retaliatory headbutt
a: Renounce Religion, Heroism


You were on level 9 of the Dungeon.
You worshipped Okawaru.
Okawaru was aware of your devotion.
You visited 2 branches of the dungeon, and saw 10 of its levels.

You collected 651 gold pieces.

Inventory:

Hand Weapons
 a - a +3 war axe (weapon)
 x - the +11 bardiche "Asafo" {drain, rN++ Dex+2}
   (You found it on level 4 of the Dungeon)

   Dex:       It affects your dexterity (+2).
   rN:        It greatly protects you from negative energy.
Missiles
 g - 67 stones (quivered)
 h - 4 boomerangs
 q - a throwing net
 u - 5 datura-tipped darts
 y - 12 atropa-tipped darts
 F - 8 poisoned darts
Armour
 i - a +0 kite shield (worn)
 s - a +0 plate armour of cold resistance (worn)
 t - a +1 pair of gloves (worn)
 z - a +2 chain mail
 D - a +0 cloak (worn)
Jewellery
 f - a +5 ring of evasion (left hand)
 w - a ring of poison resistance (right hand)
 A - an amulet of magic regeneration
Wands
 B - a wand of flame (54)
 E - a wand of polymorph (6)
 H - a wand of acid (9)
 I - a wand of paralysis (16)
Scrolls
 b - 2 scrolls of teleportation
 j - a scroll of fear
 l - a scroll of poison
 C - 2 scrolls of silence
 J - a scroll of noise {unknown}
 K - 2 scrolls of revelation
Potions
 c - 2 potions of heal wounds
 d - 2 potions of might
 e - 4 potions of curing
 k - a potion of haste
 m - a potion of brilliance
 n - a potion of magic
 o - 2 potions of enlightenment
 p - a potion of invisibility
 r - a potion of ambrosia {unknown}
 v - 2 potions of mutation
 G - a potion of resistance {unknown}


   Skills:
 + Level 9.8(14.8) Fighting
 + Level 12.0(17.0) Axes
 + Level 10.8(15.8) Armour
 + Level 7.1(12.1) Dodging
 + Level 5.5(10.5) Stealth
 + Level 9.8(14.8) Shields
 + Level 0.7 Invocations


You had 9 spell levels left.
You didn't know any spells.
Your spell library contained the following spells:

 Spells                   Type           Power      Damage    Failure   Level
 Apportation              Tloc           0%         N/A       99%         1
 Necrotise                Necr           0%         1d4       99%         1
 Sandblast                Erth           0%         2d4       99%         1
 Cigotuvi's Dreadful Rot  Necr/Pois/Air  0%         N/A       100%        2
 Momentum Strike          Conj/Tloc      0%         3d8       100%        2
 Passwall                 Tmut/Erth      0%         N/A       100%        2
 Ignite Poison            Fire/Tmut/Pois 0%         N/A       100%        3
 Portal Projectile        Hex/Tloc       0%         N/A       100%        3
 Stone Arrow              Conj/Erth      0%         3d7       100%        3
 Leda's Liquefaction      Hex/Erth       0%         N/A       100%        4
 Manifold Assault         Tloc           0%         N/A       100%        4
 Passage of Golubria      Tloc           0%         N/A       100%        4
 Freezing Cloud           Conj/Ice/Air   0%         6-21      100%        5
 Summon Small Mammal      Summ           Unusable   N/A       N/A         1
 Call Canine Familiar     Summ           Unusable   N/A       N/A         3
 Summon Guardian Golem    Hex/Summ       Unusable   N/A       N/A         3
 Malign Gateway           Summ/Tloc      Unusable   N/A       N/A         7

Dungeon Overview and Level Annotations

Branches:
Dungeon (9/15)             Temple (1/1) D:7            Lair (0/5) D:8
    Orc: D:9-12

Altars:
Ashenzari
Cheibriados
Dithmenos
Elyvilon
Fedhas
Gozag
Hepliaklqana
Kikubaaqudgha
Makhleb
Nemelex Xobeh
Okawaru
Qazlal
Sif Muna
Trog
Uskayaw
Vehumet
Wu Jian
Xom
Yredelemnul
Zin
The Shining One

Shops:
D:8 *


Innate Abilities, Weirdness & Mutations

You have a pair of horns on your head.
You reflexively headbutt those who attack you in melee.


Message History

You chop one of the ten-headed hydra's heads off!
The nine-headed hydra grows two more!
You slash the 11-headed hydra! You headbutt the 11-headed hydra.
The 11-headed hydra is moderately wounded.
Unknown command.
You slice one of the 11-headed hydra's heads off!
The ten-headed hydra grows two more!
You hit the 12-headed hydra.
The 12-headed hydra is lightly wounded.
The 12-headed hydra completely misses you.
The 12-headed hydra bites you.
* * * LOW HITPOINT WARNING * * *
The 12-headed hydra bites you but does no damage. x3
The 12-headed hydra bites you.
* * * LOW HITPOINT WARNING * * *
The 12-headed hydra bites you but does no damage.
You block the 12-headed hydra's attack.
The 12-headed hydra bites you but does no damage.
The 12-headed hydra bites you.
* * * LOW HITPOINT WARNING * * *
The 12-headed hydra bites you!
* * * LOW HITPOINT WARNING * * *
You block the 12-headed hydra's attack.
You feel much better. The 12-headed hydra misses you. You furiously retaliate!
You headbutt the 12-headed hydra.
The 12-headed hydra bites you but does no damage.
The 12-headed hydra closely misses you. You block the 12-headed hydra's attack.
The 12-headed hydra misses you.
The 12-headed hydra bites you but does no damage.
The 12-headed hydra bites you.
* * * LOW HITPOINT WARNING * * *
The 12-headed hydra bites you.
* * * LOW HITPOINT WARNING * * *
You block the 12-headed hydra's attack. x2
The 12-headed hydra bites you but does no damage.
The 12-headed hydra barely misses you. You block the 12-headed hydra's attack.
The 12-headed hydra bites you!
* * * LOW HITPOINT WARNING * * *
You block the 12-headed hydra's attack. The 12-headed hydra closely misses you.
The 12-headed hydra bites you!
You die...

#.##........(.
#..#....?.......##
##.............#..
.#................##
...........# ......
.......<...###...#
................# ..
.........)......# ....
..........)..@D.#..#
..........)........#
.#..............##.....
#................#...#
.....................#
..?..................#
....#+#.............#
.... +............. ..
#............#


You could see a 12-headed hydra.

Vanquished Creatures
  Joseph (D:7)
  An unseen horror (D:7)
  The ghost of xWillyum the Chopper, an amateur MiBe of Trog (D:5)
  Grinder (D:6)
  A shadow (D:7)
  3 yaks (D:8)
  A wyvern (D:7)
  A steam dragon (D:6)
  Menkaure (D:6)
  A water moccasin (D:7)
  7 ice beasts
  5 orc warriors
  A sky beast (D:7)
  2 black bears
  3 centaurs
  A kobold brigand (D:7)
  A phantom (D:4)
  6 bullfrogs
  4 scorpions
  4 wights (D:9)
  2 howler monkeys
  An electric eel (D:6)
  A jelly (D:7)
  Crazy Yiuf (D:7)
  2 gnoll boudas
  An orc priest (D:5)
  2 sleepcaps
  Jessica (D:2)
  Natasha (thrice) (D:3)
  Terence (D:3)
  8 orc wizards
  7 adders
  12 gnolls
  A river rat (D:5)
  2 white imps
  An ufetubus (D:4)
  5 dart slugs
  3 worms
  33 orcs
  8 ball pythons
  4 endoplasms
  5 giant cockroaches
  5 goblins
  5 hobgoblins
  6 jackals
  9 quokkas
  3 bats
  3 frilled lizards (D:1)
  8 kobolds
  3 rats (D:1)
  A spectral orc (D:4)
193 creatures vanquished.

Notes
Turn   | Place    | Note
-------+----------+-------------------------------------------
     0 | D:1      | funkygono the Minotaur Fighter began the quest for the Orb.
     0 | D:1      | Reached XP level 1. HP: 19/19 MP: 0/0
   238 | D:1      | Reached XP level 2. HP: 27/27 MP: 1/1
   861 | D:2      | Found a stormy altar of Qazlal.
   903 | D:2      | Reached XP level 3. HP: 33/33 MP: 2/2
   907 | D:2      | Noticed Jessica
   910 | D:2      | Killed Jessica
   911 | D:2      | Reached skill level 3 in Axes
  1100 | D:2      | Reached XP level 4. HP: 40/40 MP: 3/3
  1343 | D:3      | Noticed Natasha
  1362 | D:3      | Killed Natasha
  1498 | D:3      | Noticed Natasha
  1512 | D:3      | Killed Natasha
  1513 | D:3      | Reached skill level 4 in Axes
  1514 | D:3      | Noticed Terence
  1518 | D:3      | Reached XP level 5. HP: 32/47 MP: 4/4
  1522 | D:3      | Killed Terence
  1523 | D:3      | Reached skill level 1 in Dodging
  1543 | D:3      | Noticed Natasha
  1564 | D:3      | Killed Natasha
  1572 | D:3      | HP: 2/47 [gnoll/+0 spear (3)]
  1751 | D:3      | Reached skill level 5 in Armour
  1874 | D:3      | Found a faded altar of an unknown god.
  1967 | D:3      | You fall into a shaft and drop 2 floors!
  1967 | D:5      | Entered Level 5 of the Dungeon
  2092 | D:4      | Identified the +11 bardiche "Asafo" {drain, rN++ Dex+2}
  2155 | D:4      | Reached skill level 5 in Axes
  2155 | D:4      | Reached XP level 6. HP: 40/53 MP: 5/5
  2262 | D:4      | Got the Secrets of the Excursion and the Sun
  2433 | D:4      | Reached skill level 5 in Shields
  2494 | D:4      | Reached skill level 5 in Fighting
  2494 | D:4      | Reached skill level 6 in Axes
  2494 | D:4      | Reached XP level 7. HP: 58/61 MP: 6/6
  2599 | D:4      | Found a basalt altar of Yredelemnul.
  2884 | D:4      | Reached skill level 8 in Axes
  2884 | D:4      | Reached skill level 5 in Dodging
  2884 | D:4      | Reached XP level 8. HP: 73/73 MP: 7/7
  2885 | D:4      | Reached skill level 9 in Axes
  2885 | D:4      | Reached skill level 5 in Stealth
  2885 | D:4      | Reached XP level 9. HP: 82/82 MP: 8/8
  3231 | D:5      | Found a runed translucent door.
  3251 | D:5      | Noticed xWillyum's ghost (amateur MiBe)
  3284 | D:5      | Reached skill level 10 in Axes
  3335 | D:5      | Found a burning altar of Makhleb.
  3627 | D:5      | Found a runed translucent door.
  3885 | D:5      | Killed xWillyum's ghost
  4066 | D:6      | Noticed Menkaure
  4231 | D:6      | Killed Menkaure
  4667 | D:6      | Noticed Grinder
  4676 | D:6      | Killed Grinder
  4761 | D:6      | Reached skill level 10 in Armour
  5250 | D:7      | Reached XP level 10. HP: 78/91 MP: 9/9
  5467 | D:7      | Found a staircase to the Ecumenical Temple.
  5474 | Temple   | Entered the Ecumenical Temple
  5528 | Temple   | Became a worshipper of Warmaster Okawaru
  5583 | D:7      | Found a faded altar of an unknown god.
  5584 | D:7      | Found a hazy altar of Hepliaklqana.
  5647 | D:7      | Reached skill level 11 in Axes
  5774 | D:7      | Found a runed translucent door.
  5775 | D:7      | Noticed Crazy Yiuf
  5781 | D:7      | Killed Crazy Yiuf
  6003 | D:7      | Reached * piety under Okawaru
  6463 | D:7      | Noticed Joseph
  6472 | D:7      | Killed Joseph
  6833 | D:8      | Found a blossoming altar of Fedhas.
  6970 | D:8      | Found Uconk's Assorted Antiques.
  7059 | D:8      | Found a staircase to the Lair.
  7176 | D:8      | Found a glowing golden altar of the Shining One.
  7402 | D:8      | Reached skill level 12 in Axes
  7563 | D:9      | Noticed a four-headed hydra
  7578 | D:9      | Slain by a 12-headed hydra

Illustrated notes

Levels and vault maps discovered:
D:1:      dpeg_arrival_water_temple_mockup, layout_basic
D:2:      layout_basic, basic_altar, uniq_jessica
D:3:      layout_rooms, shapermc_ecumenical_altar_gd,
          chequers_serial_rivers_micro_c, uniq_terence, uniq_natasha
D:4:      layout_basic, yredelemnul_forgotten_temple_becter
D:5:      layout_loops_ring, mainiacjoe_overflow_chevrons, serial_glass,
          glass_columns_b, glass_columns_a, ebering_ghost_sewer_f
D:6:      layout_cave_pools, nicolae_lava_and_water, minivault_10,
          uniq_menkaure, uniq_grinder
D:7:      layout_layer_cave, beargit_hepliaklqana_dungeon_heroes,
          minmay_temple_entry_steel_oval, uniq_joseph, uniq_crazy_yiuf_cottage
D:8:      layout_rooms, mainiacjoe_overflow_paths, mainiacjoe_overflow_catwalk,
          lair_entry_dummy, serial_shops, nicolae_stop_n_shop_1
D:9:      layout_cave_pools, nicolae_ru_the_path_less_chosen, serial_shops,
          shop, shop, nicolae_shop_behind_doors, nicolae_shop_peninsula,
          nicolae_shop_stone, uniq_pikel, uniq_erolcha
Temple:   nicolae_temple_x_marks_the_god

Skill      XL: |  1  2  3  4  5  6  7  8  9 10 |
---------------+-------------------------------+-----
Armour         | 4 5 8 9 10 | 10.8
Shields        | 4 5 8 9 |  9.8
Fighting       | 4 5 8 9 |  9.8
Axes           | 3 4 5 6 8 9 10 12 | 12.0
Dodging        | 1 5 7 |  7.1
Stealth        | 4 5 |  5.5
Invocations    | |  0.7

Action                     |  1- 3 |  4- 6 |  7- 9 | 10-12 || total
---------------------------+-------+-------+-------+-------++-------
  Melee: War axe           |    58 |   134 |   134 |   168 ||   494
         Headbutt          |     6 |    24 |    23 |    32 ||    85
  Throw: Stone             |     1 |       |    12 |       ||    13
 Invoke: Heroism           |       |       |       |     5 ||     5
  Evoke: Wand              |       |       |     2 |       ||     2
    Use: Scroll            |       |       |    18 |     3 ||    21
         Potion            |       |       |     2 |     1 ||     3
 Armour: Scale mail        |    15 |    29 |     3 |       ||    47
         Plate armour      |       |       |    43 |   102 ||   145
  Dodge: Dodged            |    42 |   103 |    48 |    95 ||   288
  Block: Buckler           |     3 |       |       |       ||     3
         Kite shield       |    10 |    74 |    46 |    87 ||   217

Table legend: (Time is in decaauts)
 A = Elapsed time spent in this place.
 B = Non-inter-level travel time spent in this place.
 C = Inter-level travel time spent in this place.
 D = Time resting spent in this place.
 E = Time spent auto-exploring this place.
 F = Levels seen in this place.
 G = Mean time per level.
                   A        B        C        D        E       F      G
               +--------+--------+--------+--------+--------+-----+--------+
         Total |   7686 |   7405 |    281 |    233 |   5244 |  10 |  768.6 |
       Dungeon |   7606 |   7332 |    274 |    233 |   5185 |   9 |  845.1 |
        Temple |     80 |     73 |      7 |      0 |     59 |   1 |   80.0 |
               +--------+--------+--------+--------+--------+-----+--------+

Top non-repeatable levels by time:
     D:7: 1545 daAuts
     D:5: 1094 daAuts
     D:4: 1012 daAuts
     D:6: 994 daAuts
     D:1: 860 daAuts
     D:3: 714 daAuts
     D:8: 700 daAuts
     D:2: 637 daAuts
  Temple: 80 daAuts
     D:9: 46 daAuts
